Map: Kimeran Refuge

Players

pUiLiquidfyd

  • Race: Terran Terran
  • Spawn Location: 1:00

ifat

  • Race: Terran Terran
  • Spawn Location: 12:00

Tino

  • Race: Protoss Protoss
  • League: Silver
  • Spawn Location: 11:00

Grumm

  • Race: Terran Terran
  • League: Gold
  • Spawn Location: 12:00

StirFryK

  • Race: Zerg Zerg
  • Spawn Location: 7:00

Help

  • Race: Zerg Zerg
  • Spawn Location: 6:00

TerranMas

  • Race: Terran Terran
  • Spawn Location: 5:00

Macraft

  • Race: Protoss Protoss
  • Spawn Location: 6:00

VOD

Have the link to the VOD?

Description

Time

  • Played on: Jan. 20, 2016, 1:28 a.m.
  • Length: 10:58
Show
View Real Time Build Order
Export as new Build Order

pUiLiquidfyd Terran 

Build Orders:  

Get SALT Encoding   

  12  0:05  SCV  
  13  0:17  SCV  
  14  0:31  Supply Depot, SCV  
  15  0:45  Refinery  
  15  0:56  Barracks  
  15  0:59  Refinery  
  15  1:09  SCV  
  16  1:22  SCV  
  17  1:34  SCV  
  18  1:46  Command Center  
  18  1:47  Marine  
  18  1:53  SCV  
  20  2:18  SCV  
  20  2:20  Factory, Marine  
  22  2:30  SCV  
  23  2:37  Supply Depot  
  23  2:58  SCV  
  24  3:06  Factory Reactor  
  24  3:13  Armory  
  24  3:15  Armory  
  24  3:25  SCV  
  24  3:26  Starport  
  25  3:28  SCV  
  26  3:39  Orbital Command  
  26  3:56  Factory Reactor  
  26  3:57  SCV  
  27  4:08  Terran Ship Weapons Level 1  
  27  4:09  Terran Vehicle And Ship Armor Level 1  
  27  4:15  SCV  
  28  4:20  Refinery x2  
  28  4:30  Viking x2  
  32  4:44  Starport, SCV  
  33  4:50  Supply Depot  
  33  4:59  Widow Mine  
  35  5:27  Widow Mine  
  33  5:40  Viking x2  
  33  5:41  Viking  
  39  6:11  Terran Ship Weapons Level 2, Terran Vehicle And Ship Armor Level 2  
  39  6:46  Command Center  
  39  6:58  Supply Depot  
  39  7:00  Supply Depot x3  
  39  7:03  Supply Depot  
  39  7:04  Supply Depot  
  39  7:19  Viking  
  28  8:05  Starport Reactor x2  
  28  8:34  Command Center  
  28  8:49  Factory Reactor  
  28  8:53  Viking x4  
  35  9:33  Widow Mine  
  35  9:35  Widow Mine  
Show
View Real Time Build Order
Export as new Build Order

ifat Terran 

Build Orders:  

Get SALT Encoding   

  12  0:02  SCV  
  13  0:14  SCV  
  14  0:26  SCV  
  15  0:37  Supply Depot  
  15  0:43  Refinery  
  15  0:45  Refinery  
  15  0:58  SCV  
  15  1:02  Barracks  
  16  1:10  SCV  
  17  1:15  Barracks  
  17  1:22  SCV  
  18  1:33  Barracks  
  18  1:38  SCV  
  19  1:57  Barracks Reactor  
  19  2:07  Orbital Command  
  19  2:09  Barracks Reactor  
  19  2:21  Barracks Reactor  
  19  2:28  Supply Depot  
  19  2:35  Reaper x2  
  21  2:38  SCV  
  22  2:47  Reaper  
  22  2:50  Reaper  
  24  2:54  Supply Depot, SCV  
  25  3:00  Reaper x2  
  27  3:07  SCV  
  27  3:10  Reaper x2  
  30  3:18  Supply Depot  
  30  3:19  SCV, Reaper  
  32  3:34  SCV  
  33  3:41  Supply Depot  
  33  3:46  SCV  
  26  4:55  Reaper x2  
  26  4:56  Reaper x4  
  32  5:12  Engineering Bay  
  32  5:19  Command Center  
  32  5:22  Factory  
  32  5:26  SCV  
  32  5:27  Reaper  
  32  5:28  Reaper x3  
  37  5:36  Refinery  
  37  5:37  Reaper x2  
  37  5:38  SCV  
  40  5:42  Refinery  
  40  5:50  SCV  
  38  5:59  Reaper  
  38  6:00  Reaper  
  38  6:02  SCV  
  37  6:14  SCV  
  35  6:54  Planetary Fortress  
  35  7:04  Marine x2  
  35  7:05  Marine x4  
  41  7:10  Missile Turret  
  41  7:16  Factory Tech Lab  
  41  7:18  Command Center  
  41  7:20  SCV  
  41  7:22  Marine x3  
  43  7:23  Marine x2  
  43  7:26  Missile Turret  
  47  7:31  Missile Turret  
  47  7:32  SCV  
  48  7:43  Siege Tank  
  48  7:44  SCV  
  52  7:49  Starport  
  52  7:52  Starport  
  52  7:56  Starport, SCV  
  53  8:02  SCV  
  54  8:14  SCV x2  
  54  8:16  Missile Turret  
  56  8:20  Missile Turret  
  56  8:26  SCV x2  
  58  8:38  SCV x2  
  58  8:39  Planetary Fortress  
  56  8:42  Refinery  
  56  8:46  Refinery  
  56  8:50  SCV  
  56  8:53  Siege Tank  
  59  9:02  SCV  
  60  9:06  Starport Reactor  
  60  9:07  Starport Reactor  
  60  9:08  Starport Reactor  
  60  9:14  SCV  
  61  9:17  Supply Depot  
  61  9:18  SCV  
  62  9:25  Siege Tank  
  62  9:30  SCV  
  66  9:31  Missile Turret  
  66  9:40  Supply Depot  
  66  9:41  Liberator x5  
  66  9:42  Liberator, SCV  
  67  9:54  Missile Turret, SCV  
  67  9:58  Siege Tank  
  89  10:03  Supply Depot  
  89  10:07  SCV  
  90  10:19  SCV  
  91  10:29  Supply Depot  
  91  10:31  SCV  
  101  10:43  SCV  
  102  10:51  Starport x2  
  102  10:53  Supply Depot  
Show
View Real Time Build Order
Export as new Build Order

Tino Protoss 

Build Orders: 1 Gate Expand, Colossus Rush 

Get SALT Encoding   

  12  0:02  Probe (Chrono Boost)  
  13  0:14  Pylon  
  13  0:18  Probe (Chrono Boost)  
  14  0:29  Probe (Chrono Boost)  
  14  0:34  Gateway  
  15  0:39  Probe (Chrono Boost)  
  16  0:45  Assimilator  
  17  0:50  Probe (Chrono Boost)  
  17  1:00  Probe (Chrono Boost)  
  18  1:11  Probe (Chrono Boost)  
  19  1:23  Cybernetics Core  
  19  1:44  Nexus  
  19  1:45  Assimilator  
  19  1:48  Zealot  
  21  2:01  Pylon  
  21  2:07  Forge  
  21  2:08  Probe (Chrono Boost)  
  22  2:11  Warp Gate (Chrono Boost)  
  22  2:18  Probe (Chrono Boost)  
  23  2:30  Probe  
  23  2:34  Robotics Facility  
  24  2:47  Photon Cannon  
  24  2:57  Photon Cannon  
  24  3:02  Probe  
  24  3:03  Probe  
  26  3:25  Pylon  
  26  3:35  Stalker  
  26  3:38  Probe  
  26  3:40  Probe  
  30  3:49  Probe  
  30  3:52  Pylon, Probe  
  32  3:57  Robotics Bay  
  32  4:05  Zealot  
  32  4:09  Protoss Ground Weapons Level 1 (Chrono Boost)  
  34  4:25  Gateway x2  
  34  4:48  Extended Thermal Lance  
  34  4:49  Twilight Council  
  34  4:54  Colossus  
  34  4:56  Probe  
  34  4:57  Probe  
  42  5:03  Assimilator  
  42  5:06  Probe  
  42  5:08  Assimilator  
  42  5:09  Probe  
  44  5:17  Probe  
  45  5:21  Probe  
  46  5:49  Templar Archives  
  46  5:52  Probe  
  46  5:53  Probe, Protoss Ground Armor Level 1 (Chrono Boost)  
  48  6:02  Probe  
  48  6:05  Probe  
  50  6:13  Probe  
  50  6:17  Pylon, Probe  
  52  6:22  Colossus  
  52  6:23  Probe  
  59  6:27  Stalker  
  59  6:29  Probe  
  62  6:34  Probe  
  63  6:42  Probe  
  63  6:45  Stalker x2, Probe  
  69  6:48  Nexus  
  69  6:54  Pylon, Probe  
  70  6:58  Pylon  
  70  7:00  Photon Cannon  
  65  7:05  Stalker  
  61  7:19  Probe, Stalker x2  
  61  7:21  Probe  
  67  7:30  Probe  
  67  7:33  Probe, Photon Cannon  
  69  7:40  Probe  
  69  7:42  Stalker  
  69  7:43  Stalker  
  74  7:54  Probe  
  74  7:55  Photon Cannon  
  74  7:56  Probe  
  76  8:05  Probe x2  
  76  8:08  Probe  
  79  8:15  Probe  
  80  8:25  Assimilator  
  80  8:29  Assimilator  
  80  8:31  Colossus (Chrono Boost)  
  80  8:33  Pylon, Stalker  
  88  8:37  Pylon  
  88  8:51  Gateway  
  88  8:52  Gateway  
  88  9:21  Stalker x3  
  88  9:23  Observer (Chrono Boost)  
  92  9:42  Immortal (Chrono Boost)  
  90  9:56  Pylon  
  90  9:57  Pylon  
  90  10:00  Pylon  
  86  10:15  Stalker x2  
  67  10:27  Observer (Chrono Boost)  
  67  10:28  Stalker  
  52  10:40  Stalker x2  
Show
View Real Time Build Order
Export as new Build Order

Grumm Terran 

Build Orders: Liberator Opening 

Get SALT Encoding   

  12  0:01  SCV  
  13  0:13  SCV  
  14  0:25  SCV  
  14  0:27  Supply Depot  
  15  0:29  Refinery  
  15  0:39  Refinery  
  15  0:49  SCV  
  16  0:53  Barracks  
  16  1:01  SCV  
  17  1:13  SCV  
  18  1:25  SCV  
  19  1:39  SCV  
  20  1:43  Factory  
  20  1:45  Reaper  
  21  1:51  SCV  
  22  1:57  Supply Depot  
  22  2:17  Command Center  
  22  2:30  Starport  
  22  2:34  Factory Reactor  
  22  2:54  SCV  
  23  3:03  Starport  
  23  3:13  Liberator  
  23  3:20  Supply Depot  
  23  3:21  Factory Reactor  
  23  3:22  Orbital Command  
  23  3:26  Marine  
  27  3:42  Engineering Bay  
  27  3:53  SCV  
  28  4:06  Refinery  
  28  4:09  Refinery  
  28  4:11  Liberator x2  
  34  4:39  Planetary Fortress  
  34  4:53  Supply Depot  
  34  4:59  Supply Depot  
  34  5:13  Armory  
  33  5:48  Viking x2  
  33  5:49  Viking  
  36  6:25  SCV  
  37  6:27  SCV  
  38  6:37  SCV  
  38  6:39  Terran Ship Weapons Level 1, SCV  
  40  6:49  SCV  
  40  6:51  SCV  
  39  7:01  SCV  
  40  7:32  Viking x2  
  40  7:33  Viking x2  
  44  7:45  Liberator x2  
  42  8:02  Viking, SCV x2  
  52  8:10  Armory  
  52  8:13  Viking  
  52  8:14  SCV x2  
  56  8:26  SCV x2  
  58  8:28  Liberator x2  
  58  8:32  Viking  
  60  8:43  Viking  
  68  8:58  SCV x2  
  70  9:03  Supply Depot  
  70  9:08  Supply Depot  
  70  9:10  Supply Depot  
  70  9:11  Liberator x2  
  70  9:16  Viking  
  70  9:17  Viking, SCV  
  75  9:25  Supply Depot  
  81  9:53  Viking  
  81  9:54  Viking  
  85  10:11  Viking x2  
Show
View Real Time Build Order
Export as new Build Order

StirFryK Zerg 

Build Orders: Hatch First, Lurkers 

Get SALT Encoding   

  12  0:03  Drone  
  13  0:09  Drone  
  14  0:43  Drone, Hatchery  
  14  0:46  Overlord  
  14  1:05  Drone  
  14  1:08  Spawning Pool  
  14  1:10  Drone  
  15  1:17  Drone  
  16  1:21  Drone  
  17  1:27  Drone  
  18  1:40  Extractor  
  18  1:41  Overlord  
  17  1:49  Drone  
  18  1:55  Queen  
  18  1:57  Queen  
  18  2:01  Drone  
  23  2:07  Extractor  
  23  2:08  Drone  
  23  2:14  Drone  
  24  2:17  Drone  
  25  2:25  Spine Crawler  
  25  2:27  Zergling x2  
  25  2:34  Drone x2  
  27  2:44  Roach Warren  
  26  2:47  Drone x2  
  28  2:55  Drone  
  28  2:56  Drone x2  
  31  3:04  Metabolic Boost  
  31  3:11  Lair  
  31  3:13  Drone  
  31  3:17  Drone  
  31  3:19  Drone  
  34  3:21  Drone  
  34  3:25  Overlord  
  34  3:26  Drone  
  36  3:37  Overlord  
  36  3:46  Extractor  
  36  3:47  Drone  
  36  3:48  Drone, Extractor  
  36  3:49  Roach x2  
  40  3:56  Evolution Chamber  
  40  3:57  Drone, Spore Crawler  
  40  3:58  Drone x3  
  29  4:22  Roach  
  29  4:23  Roach x3  
  34  4:37  Drone x3  
  37  4:38  Drone  
  37  4:40  Roach  
  40  4:52  Drone  
  41  4:57  Hydralisk Den  
  40  5:03  Spine Crawler  
  39  5:07  Drone  
  39  5:08  Drone x4  
  39  5:09  Zerg Missile Weapons Level 1  
  44  5:26  Drone  
  44  5:27  Drone  
  46  5:38  Hydralisk x3  
  46  5:41  Overlord x3  
  52  5:53  Lurker Den  
  52  5:55  Overlord x2  
  52  6:21  Overseer  
  52  6:22  Pneumatized Carapace  
  52  6:23  Burrow  
  52  6:24  Drone x3  
  52  6:25  Drone x2, Overlord  
  57  6:44  Hatchery  
  57  6:46  Spore Crawler  
  55  6:50  Drone x3  
  55  6:52  Hydralisk  
  60  6:55  Roach  
  62  7:04  Zerg Ground Armor Level 1  
  62  7:10  Hydralisk  
  64  7:19  Lurker x2  
  64  7:20  Lurker  
  64  7:22  Hydralisk  
  66  7:26  Roach x7  
  59  7:40  Drone  
  59  7:41  Drone x2  
  61  7:49  Hydralisk  
  61  7:50  Hydralisk x3  
  69  7:53  Queen  
  71  7:59  Evolution Chamber  
  71  8:01  Muscular Augments  
  71  8:03  Drone, Queen  
  73  8:42  Zergling x2  
  73  8:43  Zergling x22  
  85  8:56  Lurker  
  85  8:57  Hydralisk x3, Lurker x3  
  95  9:19  Hydralisk  
  95  9:20  Hydralisk x3  
  103  9:37  Roach x6  
  101  9:51  Hydralisk  
  101  9:52  Roach x2  
  105  9:53  Overlord x3  
  105  9:54  Overlord x2  
  105  9:59  Overlord  
Show
View Real Time Build Order
Export as new Build Order

Help Zerg 

Build Orders: Pool First 

Get SALT Encoding   

  12  0:03  Drone  
  13  0:13  Drone  
  14  0:27  Spawning Pool  
  13  0:30  Drone  
  14  0:41  Overlord  
  14  0:51  Extractor  
  14  0:53  Extractor  
  12  1:01  Drone x3  
  15  1:16  Queen  
  17  1:22  Drone  
  17  1:24  Drone  
  19  1:34  Drone  
  20  1:45  Drone  
  21  1:55  Drone  
  22  2:12  Overlord  
  22  2:17  Hatchery  
  21  2:24  Lair  
  21  2:34  Drone  
  21  2:35  Drone  
  21  2:36  Drone  
  24  3:24  Spire  
  24  3:26  Drone x2  
  25  3:27  Drone  
  25  3:29  Extractor  
  25  3:30  Drone x3  
  25  3:32  Extractor  
  27  3:40  Drone x2  
  27  3:41  Queen  
  31  3:55  Drone  
  32  4:02  Drone  
  33  4:13  Spine Crawler  
  32  4:17  Spine Crawler  
  32  4:19  Spine Crawler  
  32  4:20  Drone  
  32  4:22  Spine Crawler  
  30  4:26  Overlord  
  30  4:27  Overlord  
  30  4:38  Mutalisk  
  30  4:41  Mutalisk  
  34  4:52  Mutalisk  
  36  5:10  Mutalisk x3  
  42  5:23  Mutalisk  
  42  5:25  Mutalisk  
  46  5:35  Mutalisk  
  48  5:49  Mutalisk x2  
  52  6:21  Overlord x3  
  52  6:42  Drone x5  
  52  6:43  Drone  
  52  6:44  Drone x3  
  59  7:21  Mutalisk  
  59  7:22  Mutalisk x2  
  65  7:25  Drone x4  
  65  7:26  Drone x3  
  70  7:53  Mutalisk x2  
  70  7:55  Mutalisk  
  70  7:58  Overlord x5  
  76  8:10  Zerg Flyer Weapons Level 1  
  76  8:18  Mutalisk  
  76  8:19  Mutalisk x2  
  82  8:20  Mutalisk x2  
  86  8:40  Mutalisk x3  
  86  8:41  Mutalisk x2  
  92  8:45  Mutalisk x2  
  100  9:03  Mutalisk x3  
  100  9:06  Mutalisk x3  
  112  9:16  Mutalisk  
  112  9:17  Mutalisk  
  116  9:24  Overlord x3  
Show
View Real Time Build Order
Export as new Build Order

TerranMas Terran 

Build Orders: MMM Bio 

Get SALT Encoding   

  12  0:01  SCV  
  13  0:13  SCV  
  14  0:18  Supply Depot  
  14  0:25  SCV  
  15  0:39  SCV  
  15  0:42  Barracks  
  16  0:52  SCV  
  16  0:53  Refinery  
  17  1:04  SCV  
  18  1:16  SCV  
  19  1:29  Orbital Command, Marine  
  20  1:34  Supply Depot  
  20  1:41  Barracks  
  20  1:48  Barracks Reactor  
  20  1:55  SCV  
  21  2:04  Refinery  
  21  2:08  SCV  
  22  2:18  Factory  
  22  2:21  SCV  
  23  2:25  Marine x2  
  25  2:31  Barracks Tech Lab  
  25  2:33  SCV  
  25  2:34  Barracks  
  26  2:43  Marine x2  
  28  2:45  SCV  
  28  2:46  Supply Depot  
  29  2:56  Stimpack  
  29  2:57  Marauder  
  31  3:08  Supply Depot, Marine x2, SCV  
  34  3:16  Starport  
  34  3:24  Barracks Reactor  
  34  3:29  Marine x2  
  34  3:30  Marine  
  37  3:34  SCV  
  38  3:42  Supply Depot  
  38  4:03  Command Center  
  36  4:10  Medivac  
  38  4:12  Marine x2  
  44  4:17  Marauder  
  44  4:29  Factory Reactor  
  44  4:30  SCV  
  45  4:36  Engineering Bay  
  45  4:38  Engineering Bay  
  45  4:42  SCV  
  46  4:47  Marine x4  
  50  4:55  SCV  
  51  5:05  Terran Infantry Armor Level 1, Terran Infantry Weapons Level 1  
  51  5:07  Marine  
  51  5:08  Marine  
  53  5:19  Marine x2  
  53  5:20  Marauder  
  57  5:25  Marine x2  
  59  5:37  Marine x2  
  59  5:41  Marauder  
  63  5:44  Orbital Command  
  63  5:46  SCV  
  64  5:58  SCV  
  65  6:04  Barracks  
  65  6:05  Barracks  
  65  6:10  SCV  
  66  6:20  Medivac x2  
  70  6:28  SCV  
  70  6:30  Supply Depot x2  
  71  6:42  Marine x3  
  74  6:48  SCV  
  74  6:49  SCV  
  74  6:54  Supply Depot  
  75  6:55  Supply Depot  
  75  7:02  Marine x2  
  75  7:03  Marine  
  78  7:09  SCV x2  
  78  7:14  Missile Turret  
  78  7:15  Missile Turret  
  73  7:17  Armory  
  73  7:27  Marine x3  
  73  7:28  Marauder  
  73  7:29  Marine x3  
  77  7:56  Combat Shields, Barracks Tech Lab, Barracks Reactor  
  77  7:57  Marine x3  
  77  7:58  Marine  
  63  7:59  Medivac x2  
  63  8:03  SCV x2  
  69  8:22  Marine  
  69  8:25  Command Center  
  70  8:31  Marine x3  
  73  8:35  Concussive Shells  
  73  8:37  Marine x4  
  77  8:46  SCV x2  
  79  8:51  Refinery  
  79  8:55  Refinery  
  79  9:07  SCV x2  
  79  9:08  Marine x2  
  83  9:10  Marine x3  
  86  9:19  SCV x2  
  88  9:24  Marine x2  
  88  9:25  Marauder, Marine  
  93  9:35  Marine x3  
  93  9:37  Marine  
  97  9:38  Medivac  
  97  9:39  Medivac  
  97  9:42  Orbital Command, Marine  
  102  9:48  Marine x2  
  104  9:53  Supply Depot  
  104  9:54  Supply Depot  
  104  9:57  SCV  
  105  10:03  Supply Depot, Marine x2  
  105  10:05  Marine x2  
  109  10:11  Marine x2  
  111  10:20  Marine x2  
  111  10:21  Marine x2  
  113  10:22  Medivac  
  113  10:23  Medivac  
  113  10:25  Marine  
  120  10:33  SCV  
  120  10:34  SCV x2  
  123  10:36  Refinery  
Show
View Real Time Build Order
Export as new Build Order

Macraft Protoss 

Build Orders: 1 Gate Expand 

Get SALT Encoding   

  12  0:04  Probe (Chrono Boost)  
  13  0:15  Probe (Chrono Boost)  
  14  0:26  Probe (Chrono Boost)  
  14  0:27  Pylon  
  15  0:39  Assimilator  
  15  0:46  Probe (Chrono Boost)  
  15  0:49  Gateway  
  16  1:16  Probe (Chrono Boost)  
  17  1:27  Nexus  
  17  1:29  Probe (Chrono Boost)  
  18  1:40  Probe (Chrono Boost)  
  19  1:50  Forge, Probe (Chrono Boost)  
  20  1:59  Assimilator  
  21  2:01  Probe (Chrono Boost)  
  21  2:05  Zealot  
  23  2:18  Cybernetics Core  
  23  2:22  Pylon  
  23  2:39  Pylon  
  23  2:43  Probe (Chrono Boost)  
  24  2:51  Photon Cannon  
  24  2:54  Probe (Chrono Boost)  
  25  3:02  Photon Cannon  
  25  3:05  Pylon  
  25  3:11  Stalker  
  28  3:20  Probe (Chrono Boost)  
  28  3:30  Probe (Chrono Boost)  
  28  3:33  Pylon  
  29  3:37  Probe (Chrono Boost)  
  29  3:41  Probe (Chrono Boost)  
  31  3:44  Protoss Air Weapons Level 1  
  31  3:48  Probe (Chrono Boost)  
  32  3:57  Stargate  
  32  3:59  Pylon  
  32  4:02  Probe (Chrono Boost)  
  33  4:11  Assimilator  
  33  4:14  Probe (Chrono Boost)  
  34  4:18  Probe (Chrono Boost)  
  35  4:25  Probe (Chrono Boost)  
  35  4:29  Stargate  
  36  4:34  Probe (Chrono Boost)  
  36  4:36  Probe (Chrono Boost)  
  38  4:45  Probe (Chrono Boost)  
  39  4:50  Stargate  
  39  4:55  Probe (Chrono Boost)  
  40  5:02  Photon Cannon  
  40  5:06  Probe (Chrono Boost)  
  41  5:16  Probe (Chrono Boost)  
  42  5:27  Probe (Chrono Boost)  
  43  5:38  Probe (Chrono Boost)  
  44  5:48  Probe (Chrono Boost)  
  44  5:49  Pylon  
  45  5:52  Pylon  
  45  6:01  Photon Cannon  
  45  6:07  Photon Cannon  
  45  6:10  Pylon  
  41  6:24  Pylon  
  41  6:27  Photon Cannon  
  41  6:35  Pylon  
  41  6:37  Pylon  
  41  6:47  Protoss Shields Level 1, Fleet Beacon  
  41  6:48  Protoss Air Armor Level 1  
  41  6:58  Probe (Chrono Boost)  
  42  7:02  Nexus  
  42  7:09  Probe (Chrono Boost)  
  43  7:17  Assimilator  
  43  7:19  Probe (Chrono Boost)  
  44  7:23  Photon Cannon  
  44  7:24  Photon Cannon  
  44  7:26  Photon Cannon  
  44  7:27  Stargate  
  44  7:28  Pylon  
  44  7:30  Stargate  
  44  7:40  Photon Cannon  
  44  7:43  Probe (Chrono Boost)  
  45  7:53  Graviton Catapult  
  45  7:54  Probe (Chrono Boost)  
  46  7:59  Assimilator  
  46  8:04  Assimilator, Probe (Chrono Boost)  
  47  8:06  Probe (Chrono Boost)  
  48  8:14  Probe (Chrono Boost)  
  48  8:15  Probe (Chrono Boost)  
  48  8:17  Probe (Chrono Boost)  
  51  8:24  Probe (Chrono Boost)  
  51  8:25  Probe (Chrono Boost)  
  53  8:27  Probe (Chrono Boost)  
  53  8:28  Carrier (Chrono Boost)  
  53  8:33  Probe  
  60  8:34  Probe  
  60  8:38  Probe  
  60  8:41  Photon Cannon  
  63  8:44  Probe  
  64  8:51  Probe  
  64  8:54  Probe  
  65  9:00  Twilight Council  
  66  9:03  Probe  
  66  9:05  Probe  
  68  9:15  Probe  
  75  9:25  Carrier (Chrono Boost)  
  75  9:26  Probe  
  100  10:13  Mothership Core  
  108  10:48  Pylon  
  108  10:49  Pylon  
  108  10:50  Pylon  
  108  10:51  Pylon  
  108  10:53  Pylon  
Tags
 
Add a new tag
Caveats
  • Supply blocks, unpowered buildings, or Contaminate may cause inaccurate times.
  • Supply counts are checked every 10 seconds.